 Dungeon Crawl Stone Soup version 0.26.0-10-g1f06aea511 (webtiles) character file.

Game seed: 8076128299466062796

493558 Arthanis the Pyromancer (level 23, -14/116 HPs)
             Began as a Deep Elf Fire Elementalist on Jan 19, 2021.
             Was the Champion of Vehumet.
             Demolished by a spark wasp (21 damage)
             ... on level 1 of the Depths.
             The game lasted 02:30:23 (46706 turns).

Arthanis the Pyromancer (DEFE)                     Turns: 46706, Time: 02:30:24

Health: -14/116    AC: 11    Str:  5    XL:     23   Next: 63%
Magic:  20/70      EV: 20    Int: 31    God:    Vehumet [******]
Gold:   60         SH:  9    Dex: 18    Spells: 4/68 levels left

rFire    . . .     SeeInvis +   h - +10 dagger of Purpose {protect, +Inv rC+ Will-}
rCold    + . .     Faith    .   l - +3 buckler {rPois}
rNeg     . . .     Spirit   .   Z - +2 robe {Archmagi}
rPois    +         Reflect  .   X - +2 helmet
rElec    .         Harm     .   G - scarf {repulsion}
rCorr    .         Rampage  .   O - +2 pair of gloves
Will     +....                  i - +0 pair of boots of the Stone Wall {Dex+3 SInv}
Stlth    +++.......             W - amulet of magic regeneration
HPRegen  0.29/turn              m - ring of magical power
MPRegen  0.67/turn              q - ring of magical power

@: studying Shields, repel missiles
A: no striking features
}: 3/15 runes: serpentine, barnacled, slimy
a: Renounce Religion, Evoke Invisibility


You were on level 1 of the Depths.
You worshipped Vehumet.
Vehumet was exalted by your worship.
You visited 11 branches of the dungeon, and saw 49 of its levels.
You also visited: Bailey and Volcano.

You collected 6174 gold pieces.
You spent 6114 gold pieces at shops.

Inventory:

Hand Weapons
 h - the +10 dagger of Purpose (weapon) {protect, +Inv rC+ Will-}
   (You found it on level 5 of the Pits of Slime)

   It grants its wielder temporary protection when it strikes (+7 to AC).
   It protects you from cold.
   It affects your willpower, your defense against some magical effects.
   It lets you turn invisible.
 y - the +3 war axe of Quick Death {vorpal, rElec rC+++ Str-3 SInv}
   (You bought it in a shop on level 13 of the Dungeon)

   It inflicts extra damage upon your enemies.
   It affects your strength (-3).
   It renders you almost immune to cold.
   It insulates you from electricity.
   It lets you see invisible.
 E - the +8 broad axe "Baxem" {vorpal, rN+++ Will+ Int+5 Dex-5}
   (You found it on level 5 of the Pits of Slime)

   It inflicts extra damage upon your enemies.
   It affects your intelligence (+5).
   It affects your dexterity (-5).
   It renders you almost immune to negative energy.
   It affects your willpower, your defense against some magical effects.
Armour
 i - the +0 pair of boots of the Stone Wall (worn) {Dex+3 SInv}
   (You acquired it on level 3 of the Elven Halls)

   It affects your dexterity (+3).
   It lets you see invisible.
 l - a +3 buckler of poison resistance (worn)
 D - the +3 robe of Clouds {+Thunder rCloud rElec}
   (You found it on level 1 of the Snake Pit)

   It insulates you from electricity.
 G - a scarf of repulsion (worn)
 O - a +2 pair of gloves (worn)
 X - a +2 helmet (worn)
 Z - a +2 robe of the Archmagi (worn)
Magical Staves
 a - an uncursed staff of fire
 U - an uncursed staff of air
Jewellery
 j - a +6 ring of intelligence
 m - a ring of magical power (left hand)
 q - a ring of magical power (right hand)
 A - the ring of Puxzet {rElec EV+4}
   (You took it off a skeletal warrior on level 3 of the Crypt)

   [ring of evasion]

   It affects your evasion (+4).
   It insulates you from electricity.
 B - the ring of the Mage {Wiz Will++ Int+3}
   (You bought it in a shop on level 2 of the Orcish Mines)

   [ring of wizardry]

   It improves your spell success rate.
   It affects your intelligence (+3).
   It affects your willpower, your defense against some magical effects.
 L - the ring of a Billion Lies {+Fly Int+4}
   (You found it on level 5 of the Pits of Slime)

   [ring of flight]

   It affects your intelligence (+4).
   It lets you fly.
 N - an uncursed ring of protection from fire
 S - an uncursed ring of see invisible
 W - an amulet of magic regeneration (around neck)
Wands
 r - a wand of disintegration (57)
 K - a wand of acid (20)
 T - a wand of digging (24)
 Y - a wand of iceblast (24)
Scrolls
 b - 26 scrolls of remove curse
 d - 9 scrolls of identify
 o - 11 scrolls of fear
 p - a scroll of blinking
 s - 6 scrolls of fog
 t - 19 scrolls of teleportation
 w - 3 scrolls of amnesia
 J - 4 scrolls of silence
 P - 2 scrolls of holy word
 Q - 8 scrolls of immolation
 R - 4 scrolls of magic mapping
 V - a scroll of summoning
Potions
 e - 7 potions of mutation
 f - 4 potions of heal wounds
 g - 6 potions of might
 k - 3 potions of brilliance
 n - 8 potions of flight
 u - 7 potions of resistance
 v - 8 potions of lignification
 z - 7 potions of haste
 C - 4 potions of invisibility
 F - 21 potions of curing
 H - 2 potions of magic
 I - 5 potions of cancellation
 M - a potion of ambrosia
Books
 x - a manual of Shields
Miscellaneous
 c - a lightning rod (4/4)


   Skills:
 + Level 4.2 Fighting
 - Level 4.0 Armour
 + Level 10.2 Dodging
 + Level 4.0 Stealth
 + Level 4.5 Shields
 + Level 23.1 Spellcasting
 + Level 18.1 Conjurations
 * Level 4.1 Necromancy
 - Level 24.0 Fire Magic
 * Level 19.9 Air Magic
 + Level 11.1 Evocations


You had 4 spell levels left.
You knew the following spells:

 Your Spells              Type           Power        Failure   Level
a - Death's Door          Necr           37%          100%        9
b - Fire Storm            Conj/Fire      64%          4%          9
d - Fireball              Conj/Fire      64%          0%          5
f - Bolt of Magma         Conj/Fire/Erth 55%          1%          5
g - Blink                 Tloc           N/A          1%          2
h - Orb of Destruction    Conj           61%          1%          7
i - Iskenderun's Mystic   Conj/Tloc      95%          1%          4
k - Tornado               Air            63%          7%          9
l - Starburst             Conj/Fire      64%          0%          6
m - Ignition              Fire           67%          1%          8

Your spell library contained the following spells:

 Spells                   Type           Power        Failure   Level
 Foxfire                  Conj/Fire      100%         0%          1
 Magic Dart               Conj           100%         0%          1
 Shock                    Conj/Air       100%         0%          1
 Searing Ray              Conj           100%         0%          2
 Swiftness                Air            100%         0%          2
 Conjure Flame            Conj/Fire      100%         0%          3
 Inner Flame              Hex/Fire       100%         0%          3
 Mephitic Cloud           Conj/Pois/Air  100%         0%          3
 Static Discharge         Conj/Air       100%         0%          3
 Airstrike                Air            63%          0%          4
 Sticky Flame             Conj/Fire      100%         0%          4
 Animate Skeleton         Necr           100%         1%          1
 Apportation              Tloc           100%         1%          1
 Corona                   Hex            57%          1%          1
 Freeze                   Ice            100%         1%          1
 Pain                     Necr           100%         1%          1
 Sandblast                Erth           100%         1%          1
 Summon Small Mammal      Summ           100%         1%          1
 Call Imp                 Summ           52%          1%          2
 Ensorcelled Hibernation  Hex/Ice        100%         1%          2
 Passwall                 Tmut/Erth      43%          1%          2
 Poisonous Vapours        Pois/Air       100%         1%          2
 Slow                     Hex            52%          1%          2
 Dazzling Flash           Conj/Hex       100%         1%          3
 Frozen Ramparts          Ice            100%         1%          3
 Stone Arrow              Conj/Erth      100%         1%          3
 Vampiric Draining        Necr           37%          1%          3
 Animate Dead             Necr           37%          1%          4
 Fulminant Prism          Conj/Hex       47%          1%          4
 Hailstorm                Conj/Ice       95%          1%          4
 Summon Lightning Spire   Summ/Air       98%          1%          4
 Call Canine Familiar     Summ           52%          2%          3
 Confusing Touch          Hex            52%          2%          3
 Gell's Gravitas          Tloc           26%          2%          3
 Ozocubu's Armour         Ice            52%          2%          3
 Summon Guardian Golem    Hex/Summ       52%          2%          3
 Cause Fear               Hex            26%          9%          4
 Ice Form                 Ice/Tmut       52%          9%          4
 Petrify                  Tmut/Erth      52%          9%          4
 Summon Ice Beast         Ice/Summ       52%          9%          4
 Iskenderun's Battlesphe  Conj           100%         0%          5
 Lightning Bolt           Conj/Air       62%          0%          5
 Silence                  Hex/Air        49%          1%          5
 Freezing Cloud           Conj/Ice/Air   53%          1%          6
 Iron Shot                Conj/Erth      47%          1%          6
 Agony                    Necr           75%          4%          5
 Spellforged Servitor     Conj/Summ      47%          4%          7
 Lee's Rapid Deconstruct  Erth           26%          7%          5
 Yara's Violent Unravell  Hex/Tmut       26%          7%          5
 Borgnjor's Vile Clutch   Necr/Erth      32%          10%         5
 Metabolic Englaciation   Hex/Ice        26%          24%         5
 Eringya's Noxious Bog    Tmut/Pois      26%          32%         6
 Shadow Creatures         Summ           N/A          78%         6
 Haunt                    Necr/Summ      32%          97%         7
 Malign Gateway           Summ/Tloc      26%          100%        7
 Borgnjor's Revivificati  Necr           37%          100%        8
 Discord                  Hex            26%          100%        8
 Infestation              Necr           37%          100%        8
 Necromutation            Tmut/Necr      32%          100%        8
 Dragon's Call            Summ           26%          100%        9
 Shatter                  Erth           26%          100%        9


Dungeon Overview and Level Annotations

Branches:
Dungeon (15/15)            Temple (1/1) D:4            Lair (6/6) D:10
 Shoals (4/4) Lair:4        Snake (4/4) Lair:4        Slime (5/5) Lair:5
    Orc (2/2) D:12            Elf (3/3) Orc:2        Vaults (5/5) D:14
  Crypt (3/3) Vaults:3       Tomb (0/3) Crypt:3      Depths (1/5) D:15
 Bailey (visited)         Volcano (visited)

Altars:
Ashenzari
Cheibriados
Dithmenos
Elyvilon
Fedhas
Gozag
Hepliaklqana
Kikubaaqudgha
Makhleb
Nemelex Xobeh
Okawaru
Qazlal
Ru
Sif Muna
Trog
Uskayaw
Vehumet
Wu Jian
Xom
Yredelemnul
Zin
The Shining One
Jiyva

Shops:
D:13 (   D:15 :   Orc:1 [   Orc:2 =(*[   Elf:1 *[!!:   Shoals:1 (
Vaults:2 :**(

Portals:
Trove: D:11 (give +3 storm dragon scales)

Annotations:
D:7 1 runed translucent door, puimuR's ghost, amateur VSAM
Elf:2 Roxanne


Message History

The mystic blast hits the spark wasp!!
The spark wasp is almost dead.
The spark wasp is knocked back by the mystic blast.
A spark wasp comes into view.
The spark wasp bursts into living lightning!
The living lightning misses you. The living lightning hits you!
* * * LOW HITPOINT WARNING * * *
The spark wasp blinks! x3
Casting: Iskenderun's Mystic Blast (safe; 1% risk of failure)
Confirm with . or Enter, or press ? or * to list all spells.
You feel a surge of power!
You erupt in a blast of force!
The mystic blast hits the spark wasp!!
You kill the spark wasp!
Vehumet accepts your kill.
You feel your power returning.
The spark wasp bursts into living lightning!
The living lightning hits you!
* * * LOW HITPOINT WARNING * * *
The spark wasp blinks! x2; The spark wasp stings you!!
You die...

####### #########
#@....# ....... #y....#
. ..... #..†..# .. #..#
#..v°.####...
##+##..###+#...!v.°††v..
#..........#v....°°○.v..
#........v○#[..v○°°)..v.
+..<.......§...(v.○°....
######.#####○####.#####+


You could see a spark wasp and 5 friendly fire vortices.

Vanquished Creatures
  the Royal Jelly (Slime:5)
  Margery (Crypt:1)
  A golden dragon (Depths:1)
  Saint Roka (Snake:4)
  Nikola (Snake:4)
  A profane servitor (Crypt:3)
  Jorgrun (Elf:2)
  19 acid blobs
  2 deep elf master archers (Elf:3)
  3 liches
  Asterion (Elf:2)
  2 deep elf blademasters (Elf:3)
  3 ancient champions (Crypt:2)
  A sphinx (Vaults:1)
  Polyphemus (Shoals:3)
  Kirke (Shoals:4)
  2 revenants
  Ilsuiw (Shoals:4)
  21 azure jellies
  3 frost giants
  11 nagarajas (Snake:4)
  2 orc warlords
  3 fire giants
  4 vault wardens
  4 deep elf sorcerers
  11 ironheart preservers
  14 ghouls
  2 curse skulls
  5 deep elf elementalists
  3 very ugly things (Depths:1)
  7 stone giants
  6 deep elf demonologists
  14 deep elf annihilators
  2 vampire knights
  2 spark wasps (Depths:1)
  Snorg (Lair:4)
  7 fire dragons
  5 merfolk impalers
  7 jiangshi
  11 eidola
  2 ettins
  8 yaktaur captains
  7 deep elf death magi
  8 merfolk javelineers (Shoals:4)
  9 death oozes
  Josephine (Orc:1)
  A mummy priest (Crypt:3)
  3 rakshasas
  7 great orbs of eyes
  2 deep elf high priests (Elf:3)
  26 vault guards
  A hydra (shapeshifter) (D:14)
  6 ice dragons
  A quicksilver dragon skeleton (Crypt:1)
  6 boulder beetles
  6 naga warriors (Snake:4)
  6 hydras
  A catoblepas (Shoals:3)
  7 centaur warriors
  7 death knights
  5 anacondas
  An alligator snapping turtle (Shoals:4)
  25 two-headed ogres
  A merfolk avatar (Shoals:4)
  2 merfolk aquamancers
  28 dancing weapons
  A fenstrider witch skeleton (Crypt:1)
  Erica (Orc:1)
  2 satyrs (Shoals:4)
  3 tengu warriors (D:15)
  2 deep troll earth magi
  A deep troll shaman (Depths:1)
  A titan zombie (Crypt:3)
  14 ogre magi
  4 vampire magi
  4 orc high priests (Orc:2)
  6 death yaks
  9 hell knights
  A titan skeleton (Crypt:2)
  37 skeletal warriors
  3 naga sharpshooters (Snake:4)
  2 soul eaters
  26 deep elf knights
  2 storm dragon zombies (Crypt:3)
  A fire crab (shapeshifter) (Elf:2)
  A deep troll (shapeshifter) (Vaults:1)
  5 shadow wraiths
  A salamander mystic (Snake:4)
  A golden dragon zombie (Crypt:3)
  5 flayed ghosts
  6 deep trolls
  2 bunyip zombies
  16 sea snakes
  4 unseen horrors
  A swamp dragon (Lair:6)
  6 ironbrand convokers
  2 naga ritualists (Snake:4)
  2 glowing orange brains
  3 wizards
  2 iron dragon zombies
  2 lindwurms (Volcano)
  17 deep elf archers
  13 orc knights
  8 necromancers
  Pikel (D:5)
  An oklob plant (Lair:2)
  17 phantasmal warriors
  A wolf spider zombie (Crypt:2)
  14 harpies
  A shadow dragon skeleton (Crypt:2)
  2 wolf spiders
  69 deep elf magi
  8 cyclopes
  A faun (shapeshifter) (Elf:3)
  2 fire giant zombies
  A golden dragon skeleton (Crypt:2)
  A mana viper (Snake:1)
  29 ugly things
  11 manticores
  A shining eye (shapeshifter) (D:14)
  6 shining eyes
  5 orc sorcerers (Orc:2)
  9 fauns
  A stone giant zombie (Crypt:3)
  A salamander (Snake:1)
  A frost giant skeleton (Vaults:4)
  12 elephants
  An iron dragon skeleton (Crypt:2)
  An eye of devastation (Slime:3)
  10 black mambas
  A dire elephant zombie (Crypt:3)
  8 merfolk sirens
  7 naga magi (Snake:4)
  2 molten gargoyles (Volcano)
  4 water nymphs
  6 vault sentinels
  6 guardian serpents (Snake:4)
  A torpor snail (Lair:6)
  A gargoyle (D:15)
  Psyche (D:8)
  5 centaur skeletons
  12 cane toads
  3 efreet
  A komodo dragon (shapeshifter) (Elf:3)
  6 rime drakes
  9 freezing wraiths
  2 yaktaur zombies (D:15)
  23 yaktaurs
  A redback zombie (D:15)
  A yellow draconian zombie (Crypt:2)
  16 komodo dragons
  A tengu conjurer (D:14)
  13 trolls
  2 harpy zombies
  2 polar bears
  A guardian mummy (D:15)
  A polar bear (shapeshifter) (Vaults:2)
  A queen bee (shapeshifter) (D:14)
  A fire dragon zombie (Crypt:3)
  2 tengu simulacra
  20 merfolk
  5 wind drakes
  5 hornets
  An ettin zombie (Crypt:3)
  A fire giant simulacrum (Vaults:2)
  Prince Ribbit (D:7)
  94 slime creatures
  An ice dragon zombie (Crypt:3)
  A deep troll zombie (D:15)
  10 snapping turtles
  A wind drake (shapeshifter) (D:14)
  3 dream sheep (Shoals:4)
  An alligator zombie (Crypt:3)
  19 blink frogs
  6 flying skulls (Crypt:1)
  3 shadows
  A spriggan (Lair:2)
  A tarantella (shapeshifter) (Elf:3)
  3 air elementals
  A vampire (D:12)
  An ushabti (Crypt:3)
  16 wraiths
  A human (Shoals:4)
  9 water elementals
  3 basilisks
  63 yaks
  6 wyverns
  A hog (shapeshifter) (Vaults:1)
  Grum (D:8)
  3 steam dragons
  8 fire elementals
  5 hogs (Shoals:4)
  10 wargs
  9 vampire mosquitoes
  31 nagas
  A cane toad zombie (Crypt:3)
  5 acid dragons
  2 human skeletons (Vaults:4)
  A soldier ant (D:11)
  A faun skeleton (Crypt:2)
  16 water moccasins
  A floating eye (Slime:3)
  6 sky beasts
  2 swamp drakes (Lair:6)
  52 orc warriors
  3 phantoms
  4 black bears
  3 boggarts (Vaults:2)
  A hornet zombie (Crypt:1)
  6 ice beasts
  An infernal demonspawn skeleton (Crypt:2)
  5 eyes of draining
  18 necrophages
  31 ogres
  A dream sheep skeleton (Crypt:1)
  A swamp dragon zombie (Crypt:3)
  11 centaurs
  12 wolves
  A fire dragon simulacrum (Crypt:1)
  A snapping turtle skeleton (Crypt:2)
  2 lemures (D:5)
  2 big kobolds
  An octopode zombie (Crypt:2)
  19 bullfrogs
  A gnoll sergeant (D:8)
  10 earth elementals
  A wyvern zombie (D:14)
  2 wyvern skeletons (Crypt:3)
  A water moccasin zombie (D:9)
  2 scorpions
  A spriggan zombie (Crypt:3)
  15 wights
  4 electric eels
  A centaur zombie (D:7)
  3 howler monkeys
  A human simulacrum (Vaults:2)
  A jelly (shapeshifter) (D:14)
  22 orc priests
  A basilisk zombie (Crypt:2)
  4 bullfrog skeletons
  6 hounds
  4 jellies
  Natasha (thrice) (D:2)
  40 orc wizards
  9 worker ants
  24 iguanas
  A big kobold skeleton (Crypt:2)
  A hound zombie (D:5)
  2 hound skeletons
  2 mummies (Crypt:3)
  3 worker ant zombies
  5 gnolls
  A howler monkey skeleton (Crypt:2)
  12 adders
  A steam dragon zombie (Crypt:1)
  2 shadow imps (D:5)
  A white imp (D:8)
  An ooze (shapeshifter) (Vaults:4)
  2 ufetubi
  2 oozes
  An adder skeleton (D:4)
  An adder zombie (D:6)
  4 worms
  3 dart slugs
  12 leopard geckos
  139 orcs
  A ball python (D:6)
  5 bats
  2 giant cockroaches
  6 goblins
  8 hobgoblins
  8 jackals
  5 quokkas
  14 frilled lizards
  A giant cockroach zombie (D:5)
  A goblin zombie (Crypt:1)
  A jackal skeleton (D:4)
  33 kobolds
  A leopard gecko skeleton (D:6)
  A quokka skeleton (Crypt:2)
  A quokka zombie (D:7)
  11 rats
  6 fire vortices
  3 plants (Shoals:4)
  A withered plant (Crypt:3)
1945 creatures vanquished.

Vanquished Creatures (collateral kills)
  A bone dragon (Crypt:3)
  A lich (Vaults:5)
  3 acid blobs
  A ghoul (Crypt:1)
  A vampire knight (Depths:1)
  An alligator snapping turtle (Shoals:2)
  A death knight (Crypt:3)
  A titan zombie (Crypt:2)
  A storm dragon zombie (Crypt:3)
  A skeletal warrior (Vaults:2)
  2 orc knights
  An ironbrand convoker (Vaults:4)
  A harpy (Shoals:1)
  An iron dragon skeleton (Crypt:2)
  2 slime creatures
  A shadow (Crypt:3)
  A naga (Snake:4)
  A swamp dragon zombie (Crypt:3)
  A boggart (Vaults:2)
  2 orcs
  A ball python zombie (Crypt:1)
  12 foxfires
38 creatures vanquished.

Vanquished Creatures (others)
  334 fire vortices
  2163 foxfires
  52 fungi
  145 plants
  38 withered plants
2732 creatures vanquished.

Grand Total: 4715 creatures vanquished

Notes
Turn   | Place    | Note
-------+----------+-------------------------------------------
     0 | D:1      | Arthanis the Deep Elf Fire Elementalist began the quest for
                  | the Orb.
     0 | D:1      | Reached XP level 1. HP: 10/10 MP: 6/6
   253 | D:1      | Reached XP level 2. HP: 15/15 MP: 5/8
  1560 | D:2      | Noticed Natasha
  1565 | D:2      | Killed Natasha
  1566 | D:2      | Reached skill level 4 in Fire Magic
  1566 | D:2      | Reached XP level 3. HP: 19/19 MP: 5/10
  1570 | D:2      | Learned a level 3 spell: Conjure Flame
  1613 | D:2      | Noticed Natasha
  1619 | D:2      | Killed Natasha
  1620 | D:2      | Reached XP level 4. HP: 19/24 MP: 6/11
  1625 | D:2      | Learned a level 4 spell: Sticky Flame
  1818 | D:2      | Noticed a moth of wrath
  1821 | D:2      | Found a bloodstained altar of Trog.
  2027 | D:2      | Found a broken altar of Ashenzari.
  2200 | D:2      | Noticed Natasha
  2449 | D:2      | Reached skill level 5 in Fire Magic
  2519 | D:2      | Killed Natasha
  2520 | D:2      | Reached XP level 5. HP: 28/28 MP: 7/13
  3525 | D:3      | Learned a level 5 spell: Fireball
  3842 | D:3      | Noticed a sky beast
  3857 | D:3      | Killed a sky beast
  3858 | D:3      | Reached skill level 5 in Spellcasting
  3858 | D:3      | Reached XP level 6. HP: 32/32 MP: 8/15
  4031 | D:4      | Reached skill level 6 in Fire Magic
  4446 | D:4      | Reached XP level 7. HP: 30/36 MP: 11/17
  4522 | D:4      | Learned a level 1 spell: Magic Dart
  4526 | D:4      | Learned a level 3 spell: Mephitic Cloud
  4841 | D:4      | Found a staircase to the Ecumenical Temple.
  4850 | Temple   | Entered the Ecumenical Temple
  4864 | Temple   | Became a worshipper of Vehumet
  4948 | D:4      | Found a hazy altar of Hepliaklqana.
  5161 | D:4      | Reached skill level 7 in Fire Magic
  5545 | D:5      | Entered Level 5 of the Dungeon
  5953 | D:5      | Noticed Pikel
  6215 | D:5      | Killed Pikel
  6216 | D:5      | Reached skill level 5 in Conjurations
  6216 | D:5      | Reached skill level 8 in Fire Magic
  6216 | D:5      | Reached XP level 8. HP: 32/41 MP: 8/21
  6449 | D:5      | Reached * piety under Vehumet
  6449 | D:5      | Offered knowledge of Sandblast by Vehumet.
  6588 | D:6      | Reached skill level 9 in Fire Magic
  6800 | D:6      | Found a snail-covered altar of Cheibriados.
  7207 | D:6      | Reached skill level 1 in Evocations
  7920 | D:7      | Reached XP level 9. HP: 39/45 MP: 15/23
  7996 | D:7      | Found a runed translucent door.
  7997 | D:7      | Found a shimmering altar of Xom.
  7997 | D:7      | Noticed puimuR's ghost (amateur VSAM)
  7997 | D:7      | Noticed a +3 falchion of chaos
  8399 | D:7      | Noticed Prince Ribbit
  8403 | D:7      | Killed Prince Ribbit
  8819 | D:8      | Learned a level 2 spell: Blink
  8866 | D:8      | Reached skill level 10 in Fire Magic
  8873 | D:8      | Reached ** piety under Vehumet
  8873 | D:8      | Offered knowledge of Freeze by Vehumet.
  8963 | D:8      | Found a flagged portal.
  9016 | Bailey   | Entered a bailey
  9156 | Bailey   | Noticed an orc knight
  9161 | Bailey   | Reached skill level 5 in Evocations
  9180 | Bailey   | Killed an orc knight
  9182 | Bailey   | Offered knowledge of Stone Arrow by Vehumet.
  9515 | D:8      | Reached skill level 1 in Fighting
  9520 | D:8      | Learned a level 3 spell: Stone Arrow
  9637 | D:8      | Noticed Grum
  9650 | D:8      | Killed Grum
  9651 | D:8      | Reached XP level 10. HP: 52/52 MP: 1/24
  9843 | D:8      | Reached *** piety under Vehumet
  9858 | D:8      | Noticed Psyche
  9860 | D:8      | Killed Psyche
 10357 | D:8      | Found a blossoming altar of Fedhas.
 10358 | D:8      | Found a shadowy altar of Dithmenos.
 10439 | D:9      | Found a white marble altar of Elyvilon.
 10754 | D:9      | Noticed a two-headed ogre
 10770 | D:9      | Killed a two-headed ogre
 10771 | D:9      | Reached skill level 5 in Dodging
 10771 | D:9      | Reached skill level 11 in Fire Magic
 10986 | D:9      | Offered knowledge of Olgreb's Toxic Radiance by Vehumet.
 11424 | D:9      | Noticed a two-headed ogre
 11452 | D:9      | Killed a two-headed ogre
 11683 | D:10     | Entered Level 10 of the Dungeon
 11933 | D:10     | Found a blossoming altar of Fedhas.
 11991 | D:10     | Reached skill level 10 in Spellcasting
 12164 | D:10     | Found a staircase to the Lair.
 12174 | D:10     | Reached **** piety under Vehumet
 12575 | D:11     | Reached XP level 11. HP: 48/57 MP: 18/27
 12643 | D:11     | Reached skill level 12 in Fire Magic
 12650 | D:11     | Offered knowledge of Iskenderun's Mystic Blast by Vehumet.
 12660 | D:11     | Learned a level 4 spell: Iskenderun's Mystic Blast
 12880 | D:11     | Identified the cursed ring "Viqer" {rC+ EV-4}
 12880 | D:11     | Noticed an ogre mage
 12883 | D:11     | Killed an ogre mage
 13037 | D:11     | Noticed a death knight
 13042 | D:11     | Killed a death knight
 13574 | D:11     | Got a twitching tin ring
 13700 | D:11     | Got a heavily runed silver ring
 13742 | D:11     | Reached skill level 13 in Fire Magic
 13873 | D:11     | Noticed an unseen horror
 13874 | D:11     | Killed an unseen horror
 14692 | D:11     | Found a portal to a secret trove of treasure.
 14814 | D:11     | Identified the ring "Qoynuv" {rN+ Stlth+} (You found it on
                  | level 11 of the Dungeon)
 14815 | D:11     | Identified the ring "Piptesm" {rC+ Slay+2} (You found it on
                  | level 11 of the Dungeon)
 15098 | D:12     | Noticed a seven-headed hydra
 15224 | D:12     | Killed an unseen horror
 15225 | D:12     | Reached skill level 10 in Conjurations
 15225 | D:12     | Reached XP level 12. HP: 51/62 MP: 17/29
 15253 | D:12     | Reached ***** piety under Vehumet
 15281 | D:12     | Offered knowledge of Conjure Ball Lightning by Vehumet.
 15689 | D:12     | Found a staircase to the Orcish Mines.
 16426 | D:12     | Got an ichor-stained falchion
 16644 | D:13     | Noticed a boulder beetle
 16648 | D:13     | Reached skill level 14 in Fire Magic
 16657 | D:12     | Reached skill level 1 in Shields
 16834 | D:13     | Noticed a boulder beetle
 16846 | D:12     | Killed a boulder beetle
 17049 | D:13     | Found Lisch's Antique Weapon Emporium.
 17060 | D:13     | Killed a boulder beetle
 17156 | D:13     | Bought a twisted war axe for 255 gold pieces
 17207 | D:13     | Identified the +3 war axe of Quick Death {vorpal, rElec
                  | rC+++ Str-3 SInv} (You bought it in a shop on level 13 of
                  | the Dungeon)
 17236 | D:13     | Learned a level 1 spell: Shock
 17241 | D:13     | Learned a level 4 spell: Airstrike
 18020 | D:13     | Reached skill level 1 in Armour
 18269 | D:13     | Offered knowledge of Irradiate by Vehumet.
 18270 | D:13     | Noticed a death knight
 18272 | D:13     | Killed a death knight
 18273 | D:13     | Noticed a boulder beetle
 18595 | D:13     | Identified the cursed +1 falchion of Magnificence {drain,
                  | Fragile +Rage +Fly rF+++} (You found it on level 12 of the
                  | Dungeon)
 18905 | D:14     | Noticed a centaur warrior
 18907 | D:14     | Killed a centaur warrior
 18907 | D:14     | Noticed a boulder beetle
 18908 | D:14     | Reached XP level 13. HP: 66/66 MP: 21/31
 19076 | D:14     | Identified a scroll of acquirement
 19077 | D:14     | Acquired an uncursed staff of fire
 19390 | D:14     | Reached skill level 15 in Fire Magic
 19759 | D:14     | Noticed an ettin
 19761 | D:14     | Killed an ettin
 20236 | D:14     | Noticed a bunyip
 20236 | D:14     | a great orb of eyes changed into a bunyip
 20237 | D:14     | a bunyip changed into a boulder beetle
 20330 | D:14     | Found a gate to the Vaults.
 20350 | D:15     | Entered Level 15 of the Dungeon
 20435 | D:15     | Found Taykkep's Book Boutique.
 20956 | Orc:1    | Entered Level 1 of the Orcish Mines
 21060 | Orc:1    | Noticed Josephine
 21064 | Orc:1    | Killed Josephine
 21187 | Orc:1    | Offered knowledge of Starburst by Vehumet.
 21197 | D:12     | Learned a level 6 spell: Starburst
 21416 | Orc:2    | Entered Level 2 of the Orcish Mines
 21416 | Orc:2    | Noticed an orc warlord
 21427 | Orc:1    | Killed an orc warlord
 21428 | Orc:1    | Reached XP level 14. HP: 58/72 MP: 7/33
 21542 | Orc:2    | Reached skill level 16 in Fire Magic
 21544 | Orc:2    | Noticed an orc warlord
 21548 | Orc:2    | Killed an orc warlord
 21550 | Orc:2    | Reached skill level 10 in Dodging
 21796 | Orc:1    | Found Otytoggi's Antique Armour Boutique.
 21952 | Orc:1    | Bought a runed scarf for 248 gold pieces
 22416 | Orc:2    | Offered knowledge of Iron Shot by Vehumet.
 22900 | Orc:1    | Noticed Erica
 22906 | Orc:1    | Killed Erica
 23440 | Orc:2    | Found Maetinum's Antique Weapon Emporium.
 23502 | Orc:2    | Found a bloodstained altar of Trog.
 23514 | Orc:2    | Found Zomoc's Antique Armour Shop.
 23522 | Orc:2    | Bought a pair of fine gloves for 351 gold pieces
 23532 | Orc:2    | Identified the +3 pair of gloves of Uwuo {-Tele rN++} (You
                  | bought it in a shop on level 2 of the Orcish Mines)
 23559 | Orc:2    | Found a staircase to the Elven Halls.
 23564 | Orc:2    | Found Soico's General Store.
 23572 | Orc:2    | Bought a scroll of teleportation for 42 gold pieces
 23572 | Orc:2    | Bought a scroll of identify for 28 gold pieces
 23572 | Orc:2    | Bought a scroll of identify for 28 gold pieces
 23572 | Orc:2    | Bought a scroll of teleportation for 42 gold pieces
 23572 | Orc:2    | Bought a scroll of amnesia for 49 gold pieces
 23572 | Orc:2    | Bought a scroll of amnesia for 49 gold pieces
 23729 | Orc:2    | Found Damom's Jewellery Boutique.
 23739 | Orc:2    | Bought a cursed ring of attention for 58 gold pieces
 23739 | Orc:2    | Bought an uncursed amulet of magic regeneration for 390
                  | gold pieces
 23979 | D:11     | Identified the ring of Haroodd {+Fly rF+ rC- rN+}
 24020 | Lair:1   | Entered Level 1 of the Lair of Beasts
 24180 | Lair:1   | Found a dark tunnel.
 24188 | Volcano  | Entered a volcano
 24867 | Lair:1   | Reached skill level 15 in Spellcasting
 24874 | Lair:1   | Learned a level 6 spell: Iron Shot
 24949 | Lair:1   | Found the ring of the Octopus King
 24958 | Lair:1   | Got a ring of the Octopus King
 24960 | Lair:1   | Identified a ring of the Octopus King {AC+1 EV+1 Str+1
                  | Int+1 Dex+1 Stlth+} (You found it on level 1 of the Lair of
                  | Beasts)
 24978 | Lair:1   | Offered knowledge of Bolt of Magma by Vehumet.
 25061 | Lair:1   | Learned a level 5 spell: Bolt of Magma
 25998 | Lair:2   | Reached skill level 17 in Fire Magic
 26162 | Lair:2   | Reached XP level 15. HP: 80/80 MP: 12/36
 27846 | Lair:4   | Noticed Snorg
 27850 | Lair:4   | Killed Snorg
 27883 | Lair:4   | Found a staircase to the Snake Pit.
 28035 | Lair:4   | Reached ****** piety under Vehumet
 28036 | Lair:4   | Offered knowledge of Ozocubu's Refrigeration by Vehumet.
 28093 | Lair:4   | Found a staircase to the Shoals.
 28769 | Lair:5   | Found a staircase to the Slime Pits.
 28770 | Lair:5   | Found a viscous altar of Jiyva.
 29102 | Lair:5   | You fall into a shaft and drop 1 floor!
 29102 | Lair:6   | Entered Level 6 of the Lair of Beasts
 29300 | Lair:6   | Reached skill level 10 in Evocations
 30112 | Lair:6   | Reached skill level 18 in Fire Magic
 30168 | Lair:6   | Offered knowledge of Orb of Destruction by Vehumet.
 30189 | Lair:6   | Learned a level 7 spell: Orb of Destruction
 31051 | D:15     | Found a staircase to the Depths.
 31626 | D:13     | Reached XP level 16. HP: 84/84 MP: 14/38
 31715 | Elf:1    | Entered Level 1 of the Elven Halls
 31997 | Elf:1    | Found Pofastri's Distillery.
 31998 | Elf:1    | Found Jumul's Distillery.
 32011 | Elf:1    | Bought a potion of heal wounds for 75 gold pieces
 32011 | Elf:1    | Bought a potion of curing for 45 gold pieces
 32011 | Elf:1    | Bought a potion of resistance for 150 gold pieces
 32011 | Elf:1    | Bought a potion of curing for 45 gold pieces
 32011 | Elf:1    | Bought 2 potions of resistance for 300 gold pieces
 32011 | Elf:1    | Bought 2 potions of cancellation for 240 gold pieces
 32107 | Elf:1    | Found Qaurogua's General Store.
 32114 | Elf:1    | Bought a potion of curing for 51 gold pieces
 32114 | Elf:1    | Bought 3 scrolls of magic mapping for 178 gold pieces
 32135 | Elf:1    | Bought 2 potions of heal wounds for 170 gold pieces
 32135 | Elf:1    | Bought 2 potions of curing for 102 gold pieces
 32135 | Elf:1    | Bought a potion of curing for 51 gold pieces
 32533 | Elf:1    | Found Beraph's Book Boutique.
 32753 | Elf:1    | Found Rizismap's Armour Emporium.
 32998 | Elf:2    | Reached skill level 19 in Fire Magic
 33653 | Elf:2    | Found a runed translucent gate.
 33657 | Elf:2    | Found a runed translucent gate.
 33657 | Elf:2    | Found a runed translucent gate.
 33669 | Elf:2    | Noticed Asterion
 33678 | Elf:2    | Killed Asterion
 33735 | Elf:2    | Noticed Roxanne
 34114 | Elf:2    | Offered knowledge of Fire Storm by Vehumet.
 34114 | Elf:2    | Offered knowledge of Tornado by Vehumet.
 34114 | Elf:2    | Offered knowledge of Ignition by Vehumet.
 34124 | Elf:2    | Noticed Jorgrun
 34134 | Elf:2    | Killed Jorgrun
 34222 | Elf:2    | Reached XP level 17. HP: 88/88 MP: 31/40
 34683 | Elf:2    | Reached skill level 20 in Fire Magic
 34987 | Elf:3    | Entered Level 3 of the Elven Halls
 35296 | Elf:3    | Learned a level 8 spell: Ignition
 35527 | Elf:3    | Reached skill level 15 in Conjurations
 35932 | Elf:3    | Noticed a deep elf blademaster
 35935 | Elf:3    | Noticed a deep elf blademaster
 35937 | Elf:3    | Killed a deep elf blademaster
 35937 | Elf:3    | Killed a deep elf blademaster
 35944 | Elf:3    | Noticed a deep elf master archer
 35946 | Elf:3    | Reached skill level 21 in Fire Magic
 35946 | Elf:3    | Killed a deep elf master archer
 36033 | Elf:3    | Noticed a deep elf master archer
 36036 | Elf:3    | Killed a deep elf master archer
 36037 | Elf:3    | Reached XP level 18. HP: 94/94 MP: 42/42
 36186 | Elf:3    | Acquired the +0 pair of boots of the Stone Wall {Dex+3
                  | SInv}
 36226 | Elf:3    | Identified the Grimoire of Dusty Companions
 36233 | Elf:3    | Got a clouded glass ring
 36348 | Elf:3    | Identified the ring "Peir" {rPois rC+ rN++ Dex-2 Stlth+}
                  | (You found it on level 3 of the Elven Halls)
 36397 | Elf:3    | Identified the Catalogue of the Vitriolic Mountains
 36404 | Elf:3    | Identified the Disquisition on Quantum Execration
 36649 | Orc:2    | Bought the ring of the Mage {Wiz Will++ Int+3} for 672 gold
                  | pieces
 36649 | Orc:2    | Found the ring of the Mage {Wiz Will++ Int+3}
 36870 | Snake:1  | Entered Level 1 of the Snake Pit
 36886 | Lair:4   | Learned a level 9 spell: Fire Storm
 37007 | Snake:1  | Found the +3 robe of Clouds {+Thunder rCloud rElec}
 37084 | Snake:4  | Entered Level 4 of the Snake Pit
 37161 | Snake:4  | Learned a level 5 spell: Iskenderun's Battlesphere
 37164 | Snake:4  | Learned a level 1 spell: Magic Dart
 37404 | Snake:4  | Noticed Saint Roka
 37407 | Snake:4  | Killed Saint Roka
 37707 | Snake:4  | Noticed Nikola
 37708 | Snake:4  | Killed Nikola
 37732 | Snake:4  | Reached skill level 22 in Fire Magic
 37989 | Snake:4  | Got a serpentine rune of Zot
 38206 | Shoals:1 | Entered Level 1 of the Shoals
 38304 | Shoals:1 | Reached XP level 19. HP: 67/98 MP: 24/44
 38360 | Shoals:1 | Found Ceotyg's Antique Weapon Shop.
 38478 | Shoals:2 | Acquired a scarf of repulsion
 38784 | Shoals:3 | Noticed Polyphemus
 38788 | Shoals:3 | Killed Polyphemus
 38830 | Shoals:4 | Entered Level 4 of the Shoals
 38991 | Shoals:4 | Reached skill level 23 in Fire Magic
 38995 | Shoals:4 | Killed Ilsuiw
 39014 | Shoals:4 | Killed Kirke
 39067 | Shoals:4 | Got a barnacled rune of Zot
 39326 | Vaults:1 | Entered Level 1 of the Vaults
 39694 | Slime:1  | Entered Level 1 of the Pits of Slime
 39703 | Slime:1  | Reached skill level 1 in Air Magic
 39908 | Slime:4  | Reached XP level 20. HP: 87/103 MP: 28/46
 40056 | Slime:3  | Reached skill level 5 in Air Magic
 40259 | Slime:5  | Entered Level 5 of the Pits of Slime
 40297 | Slime:5  | Reached skill level 24 in Fire Magic
 40469 | Slime:5  | Noticed the Royal Jelly
 40473 | Slime:5  | Killed the Royal Jelly
 40675 | Slime:5  | Got a slimy rune of Zot
 40708 | Slime:5  | Got a clouded amber ring
 40709 | Slime:5  | Identified the ring of a Billion Lies {+Fly Int+4} (You
                  | found it on level 5 of the Pits of Slime)
 40779 | Slime:5  | Identified the +3 kite shield "Egrirgho" {+Blink rN+} (You
                  | found it on level 5 of the Pits of Slime)
 40790 | Slime:5  | Got a slimy great sword
 40804 | Slime:5  | Got a crystal broad axe
 40805 | Slime:5  | Identified the +8 broad axe "Baxem" {vorpal, rN+++ Will+
                  | Int+5 Dex-5} (You found it on level 5 of the Pits of Slime)
 40809 | Slime:5  | Got a steaming dagger
 40810 | Slime:5  | Identified the +10 dagger of Purpose {protect, +Inv rC+
                  | Will-} (You found it on level 5 of the Pits of Slime)
 41277 | Vaults:1 | Reached skill level 10 in Air Magic
 41543 | Vaults:2 | Reached XP level 21. HP: 108/108 MP: 45/48
 42042 | Vaults:2 | Found Mobucipn's Antique Weapon Boutique.
 42152 | Vaults:2 | Found Weir's Book Boutique.
 42154 | Vaults:2 | Found Souskud's General Store.
 42184 | Vaults:2 | Found Muac's General Store.
 42208 | Vaults:2 | Bought a potion of resistance for 100 gold pieces
 42208 | Vaults:2 | Bought a scroll of identify for 20 gold pieces
 42208 | Vaults:2 | Bought a potion of curing for 30 gold pieces
 42422 | Vaults:3 | Found a staircase to the Crypt.
 42874 | Vaults:4 | Reached XP level 22. HP: 57/112 MP: 14/50
 43097 | Crypt:1  | Entered Level 1 of the Crypt
 43097 | Crypt:1  | Noticed Margery
 43104 | Crypt:1  | Reached skill level 15 in Air Magic
 43104 | Crypt:1  | Killed Margery
 43249 | Crypt:1  | Learned a level 9 spell: Tornado
 44113 | Crypt:3  | Entered Level 3 of the Crypt
 44744 | Crypt:3  | Found a basalt altar of Yredelemnul.
 44864 | Crypt:3  | Identified the ring of Puxzet {rElec EV+4}
 44923 | Crypt:3  | Identified the amulet "Cuquhos" {Acrobat Int+3}
 44936 | Crypt:3  | Identified the Guide on Ice and Weightlessness
 44965 | Crypt:3  | Reached XP level 23. HP: 89/116 MP: 41/52
 45349 | Crypt:3  | Found a staircase to the Tomb.
 45730 | Elf:1    | Bought a Necronomicon for 1435 gold pieces
 45730 | Elf:1    | Bought a book of the Tempests for 910 gold pieces
 45746 | Elf:1    | Learned a level 9 spell: Death's Door
 46231 | Vaults:5 | Entered Level 5 of the Vaults
 46234 | Vaults:5 | Reached skill level 1 in Necromancy
 46423 | Depths:1 | Entered Level 1 of the Depths
 46670 | Depths:1 | HP: 1/116 [fire giant/fireball (21)]
 46706 | Depths:1 | Demolished by a spark wasp

Illustrated notes

Levels and vault maps discovered:
D:1:      erik_arrival_orb_chamber, layout_basic
D:2:      cheibrodos_old_hovel, layout_loops_corners, tgw_trog,
          ashenzari_conservatory_becter, minmay_fractal_squares_5, uniq_natasha
D:3:      layout_rooms, grunt_ministairs_4, kennysheep_generic_room_7
D:4:      layout_basic, lemuel_round_altar, lemuel_temple_firewalk_b
D:5:      layout_cave_pools, dk_noncrumbling_3, uniq_pikel
D:6:      layout_rooms, general_overflow_altar, minmay_tree_intersection,
          minmay_checkerbox
D:7:      layout_loops_corners, ebering_ghost_xom, uniq_prince_ribbit1
D:8:      layout_loops_cross, nicolae_overflow_hidden_temple, enter_bailey_2,
          uniq_psyche, uniq_grum
D:9:      layout_basic, lemuel_altar_in_water
D:10:     layout_roguey, david_lair_shrubbed, fedhas_altar_3
D:11:     minmay_the_grid_triangle_9x9_rhombus_full_mashed
          [minmay_the_grid_triangle_9x9_swiss_cheese,
          minmay_the_grid_triangle_9x9_longest,
          minmay_the_grid_triangle_9x9_corrupted_corridor,
          minmay_the_grid_triangle_9x9_windchime,
          minmay_the_grid_triangle_9x9_wacky_v,
          minmay_the_grid_triangle_9x9_stretched_checkered,
          minmay_the_grid_triangle_9x9_alien,
          minmay_the_grid_triangle_9x9_prize_special], layout_irregular_city,
          nicolae_trove_entry_diagonal, nrook_pool_corridor
D:12:     layout_loops_cross, hiddenorc2_lemuel, hangedman_misty_isle
D:13:     layout_layer_cave, serial_shops, kennysheep_mini,
          minmay_fractal_squares_diagonal_5
D:14:     minmay_textured_paths, layout_long_grid, david_vaults_2, nicolae_wwwww
D:15:     gammafunk_depths_entry_grave, layout_rooms, serial_shops,
          nicolae_shop_statue_plus
Temple:   lightli_temple_of_artemis
Lair:1:   layout_cave_pods, enter_volcano_2, chequers_serial_rivers_micro_b,
          st_stairs_5
Lair:2:   lemuel_reptile_caves, layout_misc_corridors, minivault_24,
          forest_entry_grove, infiniplex_staircase_pool_2,
          minmay_lair_oklob_chamber
Lair:3:   layout_cave_pods, st_stairs_8, nicolae_lair_grove_arrangements
Lair:4:   layout_regular_city, elwin_shoals_entry_stream,
          guppyfry_snake_entry_garden, uniq_snorg
Lair:5:   layout_gridlike, slime_altar_1, grunt_megastairs_2
Lair:6:   guppyfry_lair_end_dragon, layout_gridlike, lemuel_fruit_fields,
          lemuel_fruit_tree
Shoals:1: layout_shoals, serial_shops, shop, nicolae_shoals_so_close
Shoals:2: layout_shoals
Shoals:3: argonaut_golden_fleece, layout_shoals, lemuel_centaur_altar,
          uniq_polyphemus
Shoals:4: shoals_end_grunt_ice, layout_shoals, shoals_ilsuiw_alternative,
          uniq_kirke
Snake:1:  layout_gridlike, st_stairs_8
Snake:2:  layout_basic, drop_trap, serial_bayou_shore_b, minmay_shop_star
Snake:3:  layout_misc_corridors
Snake:4:  grunt_snake_rune_pools, layout_layer_cave,
          corexii_hall_statues_deadend, nicolae_coiled_stairwell_up,
          uniq_nikola, uniq_saint_roka
Slime:1:  layout_caves
Slime:2:  layout_caves
Slime:3:  layout_caves, cheibrodos_slime_lost_civilization_5
Slime:4:  layout_caves, cheibrodos_slime_lost_civilization_4
Slime:5
Orc:1:    layout_caves, serial_shops, shop_fountains, uniq_josephine, uniq_erica
Orc:2:    grunt_orc_gardens, layout_caves, grunt_orc_garden, grunt_orc_garden,
          grunt_orc_garden, grunt_orc_garden, basic_altar
Elf:1:    eino_elf_arrival_the_gate, layout_loops_cross, serial_shops,
          shop_statue, shop, shop_statue, shop_fountains, shop_coins
Elf:2:    layout_loops_cross, palyth_stone_intersect,
          serial_sigils_hangedman_writhe, uniq_roxanne, uniq_jorgrun,
          uniq_asterion
Elf:3:    elf_hall, layout_loops_corners, chequers_big_river
Vaults:1: st_star, grunt_vaults_swirl, v_misc_1, ontoclasm_vaults_ligature,
          vaults_dpeg_spiral, vaults_mumra_chevron, hangedman_vaults_corner,
          nicolae_vaults_angled_halls, v_misc_22, nicolae_vaults_three_branches,
          vaults_room_corners, layout_vaults_omnigrid
Vaults:2: v_misc_10, nicolae_vaults_angled_halls, ontoclasm_vaults_eye,
          vaults_room_ringed_pool, hangedman_vaults_hard_town_square,
          hangedman_vaults_impose, v_misc_2, ontoclasm_vaults_ring_large,
          vaults_dpeg_hooks, v_pattern_5, nicolae_vaults_yaktaur_gun_rack,
          grunt_vaults_hallway_short, layout_vaults_big_cross, serial_shops,
          shop
Vaults:3: blue_anna_dwarven_crypt, hangedman_vaults_restitches,
          vaults_mumra_minichess_inversion, nicolae_vaults_specimen_jars,
          v_misc_28, nicolae_vaults_alarming, hangedman_vaults_nails,
          vaults_mumra_hexcomb, st_cells, ontoclasm_vaults_gateway,
          nicolae_vaults_angled_halls, nicolae_vaults_angled_halls,
          ontoclasm_vaults_hangar, layout_vaults_omnibox
Vaults:4: v_misc_10, nicolae_vaults_little_ls,
          nicolae_vaults_windows_and_doors_thing, vaults_standard_mumra_x,
          v_misc_26, vaults_room_grunt_arrival_checkpoint,
          nicolae_vaults_disjoint_gnomons, vaults_room_pools,
          nicolae_vaults_c_with_doors, vaults_room_pools, layout_vaults_ring
Vaults:5: serial_shops
Crypt:1:  layout_chaotic_city, feat_on_display, uniq_margery
Crypt:2:  layout_gridlike, grunt_megastairs_3
Crypt:3:  evilmike_haunted_forest
Depths:1: layout_gridville, grunt_decor_clamped, pf_vacation_house_of_asmodeus,
          minivault_12

Skill      XL: |  1  2  3  4  5  6  7  8  9 10 11 12 13 14 15 16 17 18 19 20 21 22 23 |
---------------+----------------------------------------------------------------------+-----
Conjurations   | 2 3 4 5 6 8 10 11 12 13 14 15 16 17 18 | 18.1
Fire Magic     | 4 5 6 8 9 10 11 13 14 15 17 18 19 21 22 23 24 | 24.0
Spellcasting   | 4 5 7 8 10 11 12 13 15 16 17 18 19 20 21 22 23 | 23.1
Evocations     | 1 6 8 9 10 11 | 11.1
Stealth        | 3 4 |  4.0
Dodging        | 3 4 6 8 9 10 | 10.2
Fighting       | 1 2 3 4 |  4.2
Shields        | 4 |  4.5
Armour         | 1 2 4 |  4.0
Air Magic      | 3 10 14 18 19 | 19.9
Necromancy     | 4 |  4.1

Action                   |  1- 3 |  4- 6 |  7- 9 | 10-12 | 13-15 | 16-18 | 19-21 | 22-24 || total
-------------------------+-------+-------+-------+-------+-------+-------+-------+-------++-------
Melee: Dagger            |     1 |     1 |       |       |       |       |       |       ||     2
       Long sword        |       |     1 |    14 |     1 |       |       |       |       ||    16
       Trident           |       |       |    12 |       |       |       |       |       ||    12
       War axe           |       |       |       |     1 |       |       |       |       ||     1
       Staff             |       |       |       |       |     4 |     2 |    17 |       ||    23
       Broad axe         |       |       |       |       |       |       |       |     3 ||     3
 Cast: Foxfire           |    63 |   169 |   326 |   579 |   185 |    10 |     3 |       ||  1335
       Sticky Flame      |       |       |    16 |    25 |    22 |     2 |       |       ||    65
       Magic Dart        |       |       |     5 |       |       |     6 |       |       ||    11
       Conjure Flame     |       |       |     4 |       |       |       |       |       ||     4
       Fireball          |       |       |    11 |   139 |   395 |   219 |    60 |    10 ||   834
       Blink             |       |       |     4 |     7 |     3 |     3 |       |     2 ||    19
       Iskenderun's Myst |       |       |       |     2 |    18 |    11 |    22 |     9 ||    62
       Starburst         |       |       |       |       |    27 |     4 |     3 |       ||    34
       Stone Arrow       |       |       |       |       |    27 |       |       |       ||    27
       Airstrike         |       |       |       |       |    18 |    16 |       |       ||    34
       Bolt of Magma     |       |       |       |       |     2 |    16 |     4 |       ||    22
       Orb of Destructio |       |       |       |       |    10 |    60 |     2 |     7 ||    79
       Ignition          |       |       |       |       |       |    21 |     6 |     5 ||    32
       Fire Storm        |       |       |       |       |       |    30 |   224 |   168 ||   422
       Iskenderun's Batt |       |       |       |       |       |     1 |       |     1 ||     2
       Tornado           |       |       |       |       |       |       |       |     2 ||     2
 Abil: Evoke Invisibilit |       |       |       |       |       |       |       |     1 ||     1
Evoke: Wand              |       |       |       |     5 |     1 |     9 |       |     3 ||    18
  Use: Scroll            |       |       |    13 |     8 |    32 |    11 |    10 |     8 ||    82
       Potion            |       |       |     1 |       |       |       |       |     6 ||     7
Armor: Robe              |     2 |     1 |    14 |    23 |    13 |       |     2 |     3 ||    58
       Troll leather arm |       |       |       |       |     9 |    14 |       |       ||    23
Dodge: Dodged            |     9 |     7 |    32 |    45 |    58 |    42 |    50 |    25 ||   268
       Repelled          |       |       |       |       |       |       |     5 |     1 ||     6
Block: Buckler           |       |       |       |     4 |    32 |    16 |    22 |    16 ||    90
       Rpst.: Long sword |       |     3 |     5 |    11 |       |       |       |       ||    19
